AoeStats
← SmokedYoAzz420

Fortress

510259304Analyzed
4v4 RM · 1d ago on Sep 30, 2026· 102m 55s· 8 players
Game mode
Random Map
Map size
Huge
Population
200
Speed
Normal
Resources
Standard
Victory
Conquest
Starting age
Dark Age
Ending age
Imperial Age
RankedLock teamsTeams togetherTeam positionsShared explorationLock speedFull tech treeHidden civsTurbo modeCheats
Victory
Defeat
🇨🇱 Teutons · Chile
962
+11
🇨🇦 Berbers · Canada
804
+17
🇺🇸 Wu · United States
782
+18
🇨🇱 Japanese · Chile
747
+20
🇲🇽 Varangians · Mexico
876
-38
🇲🇾 Persians · Malaysia
859
-18
🇲🇽 Huns · Mexico
850
-24
🇲🇽 Maya · Mexico
758
-13
Harkcost
7:19 Feudal Age
5:40 Loom
11:16 Castle Age
10:03 Double-Bit Axe
11:14 Horse Collar
11:33 Fletching
30:40 Wheelbarrow
32:16 Hand Cart
34:10 Bow Saw
35:43 Gold Mining
35:43 Stone Mining
35:50 Bodkin Arrow
35:56 Padded Archer Armor
37:49 Ballistics
38:33 Leather Archer Armor
40:03 Eagle Warrior
40:56 Forging
40:46 Scale Mail Armor
43:31 Imperial Age
43:10 Iron Casting
42:51 Chain Mail Armor
44:23 Heavy Plow
45:02 Stone Shaft Mining
44:36 Town Watch
44:56 Squires
44:44 Arson
46:11 Conscription
46:23 Holcans
45:43 Elite Eagle Warrior
49:31 Chemistry
57:01 Town Patrol
58:04 Blast Furnace
57:05 Bracer
57:35 Plate Mail Armor
57:36 Ring Archer Armor
56:31 Elite Plumed Archer
62:21 Caravan
64:06 Elite Skirmisher
64:53 Thumb Ring
64:59 Hul'che Javelineers
Yuli
1:59 Loom
7:15 Feudal Age
7:55 Double-Bit Axe
13:44 Castle Age
12:03 Horse Collar
13:36 Gold Mining
32:00 Imperial Age
29:23 Stone Mining
31:06 Stone Shaft Mining
32:52 Wheelbarrow
34:14 Conscription
34:37 Squires
35:10 Bow Saw
36:20 Forging
36:10 Scale Mail Armor
36:41 Heavy Plow
38:30 Iron Casting
39:11 Hand Cart
43:15 Crop Rotation
42:34 Town Watch
42:50 Light Cavalry
43:55 Bloodlines
43:22 Elite Varangian Guard
43:49 Hussar
44:33 Husbandry
46:13 Town Patrol
46:07 Arson
47:28 Blast Furnace
46:28 Scale Mail Armor
46:41 Capped Ram
49:35 Siege Ram
56:16 Scale Mail Armor
58:51 Two-Man Saw
57:41 Treadmill Crane
60:01 Elite Jarl
60:12 Vendel Legacy
60:19 Gothikon
65:01 Gambesons
65:37 Chain Mail Armor
65:28 Scale Barding Armor
85:28 Plate Mail Armor
85:18 Chain Barding Armor
92:52 Heavy Scorpion
99:30 Chemistry
100:20 Ballistics
Jake
7:33 Feudal Age
13:30 Double-Bit Axe
13:33 Horse Collar
17:05 Castle Age
15:07 Stone Mining
16:57 Arson
17:46 Elite Skirmisher
18:45 Bow Saw
26:40 Gold Mining
26:52 Heavy Plow
28:34 Caravan
29:05 Coinage
28:46 Marauders
30:54 Gold Shaft Mining
30:07 Loom
30:59 Wheelbarrow
30:10 Town Watch
31:31 Town Patrol
32:31 Husbandry
31:53 Light Cavalry
32:45 Bloodlines
32:44 Thumb Ring
32:02 Crossbowman
35:34 Imperial Age
33:21 Hand Cart
32:30 Pikeman
33:11 Squires
32:56 Arson
35:13 Ballistics
35:02 Scale Barding Armor
37:03 Banking
36:44 Guilds
36:10 Man-at-Arms
37:13 Conscription
38:59 Two-Man Saw
43:26 Heavy Cavalry Archer
44:33 Parthian Tactics
43:29 Cavalier
43:31 Hussar
43:38 Elite Tarkan
43:50 Sappers
44:41 Atheism
43:45 Halberdier
43:46 Long Swordsman
44:51 Chain Barding Armor
45:38 Chemistry
94:53 Two-Handed Swordsman
Blues_1111
9:04 Feudal Age
7:25 Loom
11:05 Double-Bit Axe
14:07 Castle Age
11:55 Horse Collar
12:39 Gold Mining
15:48 Bow Saw
17:47 Heavy Plow
18:07 Loom
20:30 Wheelbarrow
19:51 Elite Skirmisher
22:29 Fletching
24:29 Ballistics
26:18 Gold Shaft Mining
29:27 Imperial Age
27:15 Hand Cart
27:38 Squires
28:27 Bodkin Arrow
28:39 Scale Barding Armor
28:41 Husbandry
29:06 Stone Mining
30:50 Conscription
29:55 Elite War Elephant
31:22 Chain Barding Armor
31:47 Conscription
32:08 Crop Rotation
33:18 Chemistry
32:21 Padded Archer Armor
36:21 Herbal Medicine
40:01 Two-Man Saw
48:32 Kamandaran
48:59 Crossbowman
49:44 Thumb Ring
49:08 Pikeman
50:02 Scale Mail Armor
50:15 Forging
50:25 Leather Archer Armor
51:44 Hoardings
52:37 Halberdier
55:21 Ring Archer Armor
55:27 Iron Casting
55:32 Arson
59:31 Scale Mail Armor
60:31 Blast Furnace
61:34 Chain Mail Armor
64:33 Capped Ram
70:49 Plate Barding Armor
80:54 Plate Mail Armor
80:17 Capped Ram
83:13 Siege Ram
89:28 Sappers
97:08 Onager
98:31 Caravan
98:21 Light Cavalry
99:13 Bloodlines
101:59 Hussar
SmokedYoAzz420
0:42 Loom
14:07 Feudal Age
16:54 Horse Collar
17:08 Gold Mining
17:09 Stone Mining
17:08 Double-Bit Axe
18:07 Wheelbarrow
17:19 Town Watch
20:19 Castle Age
19:16 Man-at-Arms
20:59 Elite Skirmisher
26:25 Stone Shaft Mining
26:26 Gold Shaft Mining
25:54 Heavy Plow
26:08 Bow Saw
26:57 Forging
26:48 Scale Mail Armor
26:49 Padded Archer Armor
26:39 Fletching
26:55 Scale Barding Armor
31:47 Hand Cart
34:05 Town Watch
36:53 Imperial Age
37:21 Leather Archer Armor
43:57 Two-Man Saw
43:30 Bodkin Arrow
43:51 Chain Mail Armor
44:12 Iron Casting
43:58 Chain Barding Armor
43:43 Red Cliffs Tactics
44:04 Conscription
43:46 Sitting Tiger
43:09 Elite Fire Archer
44:04 Pikeman
44:44 Squires
44:30 Arson
44:07 Long Swordsman
45:27 Town Patrol
46:03 Plate Mail Armor
45:33 Bracer
45:58 Husbandry
46:09 Bloodlines
45:21 Heavy Hei Guang Cavalry
45:24 Light Cavalry
45:37 Halberdier
46:56 Caravan
47:28 Coinage
47:34 Two-Handed Swordsman
52:05 Heavy Scorpion
58:31 Elite Genitour
63:52 Banking
63:33 Guilds
64:19 Hussar
75:35 Blast Furnace
75:11 Plate Barding Armor
Commander Davis
1:11 Loom
9:56 Feudal Age
10:56 Double-Bit Axe
10:55 Horse Collar
14:01 Gold Mining
14:22 Stone Mining
17:17 Castle Age
18:17 Wheelbarrow
18:08 Bow Saw
19:52 Hand Cart
22:30 Padded Archer Armor
23:10 Gold Shaft Mining
23:11 Stone Shaft Mining
28:51 Imperial Age
29:06 Elite Camel Archer
31:06 Fletching
31:31 Leather Archer Armor
32:27 Chemistry
31:48 Ballistics
32:05 Bodkin Arrow
34:19 Husbandry
34:30 Bloodlines
33:41 Heavy Camel Rider
38:39 Forging
38:35 Scale Barding Armor
41:27 Iron Casting
41:13 Chain Barding Armor
41:24 Ring Archer Armor
40:54 Bracer
42:28 Caravan
43:54 Heavy Plow
44:59 Blast Furnace
44:35 Plate Barding Armor
44:01 Scale Mail Armor
46:11 Maghrebi Camels
46:32 Conscription
51:13 Chain Mail Armor
50:53 Arson
51:08 Squires
50:28 Pikeman
50:36 Elite Genitour
51:22 Thumb Ring
50:38 Elite Skirmisher
50:53 Light Cavalry
54:44 Hussar
60:20 Plate Mail Armor
59:59 Siege Engineers
60:06 Fortified Wall
65:28 Guilds
65:49 Coinage
75:00 Cavalier
79:19 Town Watch
80:07 Crop Rotation
91:11 Banking
Gallo
1:52 Loom
6:59 Feudal Age
7:23 Horse Collar
8:20 Wheelbarrow
7:31 Town Watch
17:16 Castle Age
15:59 Double-Bit Axe
17:03 Gold Mining
18:13 Hand Cart
18:34 Heavy Plow
19:25 Stone Mining
22:34 Forging
23:45 Bow Saw
24:02 Fletching
25:41 Gold Shaft Mining
25:39 Scale Mail Armor
26:30 Town Patrol
27:27 Ballistics
26:49 Treadmill Crane
32:30 Imperial Age
31:25 Pikeman
31:51 Gambesons
33:10 Chain Mail Armor
33:31 Iron Casting
32:51 Bodkin Arrow
32:58 Padded Archer Armor
33:02 Capped Ram
35:15 Conscription
35:35 Elite Genitour
39:11 Two-Man Saw
39:09 Kataparuto
40:29 Chemistry
39:26 Murder Holes
43:41 Blast Furnace
42:16 Elite Samurai
51:13 Blast Furnace
52:12 Siege Engineers
54:48 Bracer
55:04 Leather Archer Armor
58:58 Elite Skirmisher
59:45 Thumb Ring
70:52 Ring Archer Armor
75:10 Plate Mail Armor
83:11 Fortified Wall
86:50 Masonry
97:05 Guard Tower
97:01 Arrowslits
UnTalPeluca
9:23 Feudal Age
10:19 Horse Collar
14:08 Castle Age
14:46 Forging
18:03 Squires
38:35 Imperial Age
37:23 Gold Mining
37:39 Double-Bit Axe
39:05 Heavy Scorpion
40:02 Pikeman
42:24 Scale Mail Armor
42:47 Onager
44:43 Ballistics
45:23 Chemistry
46:30 Chain Mail Armor
46:51 Iron Casting
46:24 Halberdier
47:49 Conscription
56:50 Bow Saw
67:18 Blast Furnace
77:34 Caravan
82:06 Plate Mail Armor
99:27 Man-at-Arms
100:10 Arson
100:35 Long Swordsman
101:26 Two-Handed Swordsman
Connection lost

Rejoining the realm…

Still unreachable

The connection could not be restored.

Session expired

The server has moved on; the page needs a fresh start.